 Dungeon Crawl Stone Soup version 0.32-a0-999-gfa1cc04b1d (webtiles) character file.

Game seed: 11298182697331684965

2254 adelrune the Covert (level 9, -1/39 HPs)
             Began as a Spriggan Enchanter on Apr 25, 2024.
             Was a Believer of Beogh.
             Succumbed to a killer bee's poison
             ... on level 7 of the Dungeon.
             The game lasted 00:14:22 (6748 turns).

adelrune the Covert (Spriggan Enchanter)            Turns: 6748, Time: 00:14:23

Health: -1/39      AC:  8    Str:  2 (4)  XL:     9   Next: 15%
Magic:  19/23      EV: 21    Int: 16 (19) God:    Beogh [**....]
Gold:   331        SH:  5    Dex: 16 (17) Spells: 6/14 levels left

rFire   + + .        D - +0 dagger (elec)
rCold   + . .        (no shield)
rNeg    . . .        x - +1 robe {rF+}
rPois   +            (helmet restricted)
rElec   +            m - +0 cloak
rCorr   +            (gloves unavailable)
SInv    +            (boots unavailable)
Will    .....        z - amulet of reflection
Stlth   +++++        f - +4 ring of protection
HPRegen 0.26/turn    I - ring of magical power
MPRegen 0.18/turn

%: reflection
@: lethally poisoned (-1 -> -12), resistant, weak-willed, invisible, very quick
A: very small, no large weapons, unfitting armour, see invisible, speed 3
a: Renounce Religion, Smiting


You were on level 7 of the Dungeon.
You worshipped Beogh.
Beogh was pleased with you.
You visited 1 branch of the dungeon, and saw 7 of its levels.

You collected 331 gold pieces.

Inventory:

Hand Weapons
 a - a +1 dagger
 D - a +0 dagger of electrocution (weapon)
Missiles
 F - a curare-tipped dart (quivered)
Armour
 b - a +0 robe
 m - a +0 cloak (worn)
 x - a +1 robe of fire resistance (worn)
Magical Staves
 A - a staff of cold
 L - a staff of alchemy
Jewellery
 f - a +4 ring of protection (left hand)
 s - a ring of fire
 z - an amulet of reflection (around neck)
 I - a ring of magical power (right hand)
Wands
 G - a wand of iceblast (2)
Scrolls
 d - 7 scrolls of identify
 g - 2 scrolls of vulnerability
 i - a scroll of fog {unknown}
 l - a scroll of acquirement {unknown}
 n - a scroll of enchant armour {unknown}
 o - 6 scrolls of revelation
 p - a scroll of butterflies {unknown}
 q - a scroll of enchant weapon {unknown}
 t - 3 scrolls of amnesia
 y - a scroll of noise {unknown}
 B - a scroll of poison {unknown}
 H - a scroll of fear {unknown}
 M - a scroll of teleportation {unknown}
 N - a scroll of blinking {unknown}
Potions
 c - 3 potions of invisibility
 e - 4 potions of curing {unknown}
 h - a potion of haste {unknown}
 j - 4 potions of heal wounds {unknown}
 k - 2 potions of might {unknown}
 r - 2 potions of brilliance {unknown}
 u - 2 potions of resistance
 v - 2 potions of magic {unknown}
 w - a potion of lignification {unknown}
 C - a potion of degeneration
 E - a potion of mutation {unknown}
 J - a potion of ambrosia {unknown}
 K - a potion of enlightenment {unknown}


   Skills:
 + Level 6.4 Short Blades
 + Level 8.2 Dodging
 + Level 10.2 Stealth
 - Level 3.0 Spellcasting
 + Level 8.0 Hexes
 + Level 3.0 Translocations
 + Level 1.0 Invocations


You had 6 spell levels left.
You knew the following spells:

 Your Spells              Type           Power      Damage    Failure   Level
a - Ensorcelled Hibernat  Hex/Ice        30%        N/A       5%          2
b - Tukima's Dance        Hex            28%        N/A       1%          3
c - Teleport Other        Tloc           12%        N/A       16%         3

Your spell library contained the following spells:

 Spells                   Type           Power      Damage    Failure   Level
 Confusing Touch          Hex            28%        N/A       1%          3
 Dazzling Flash           Conj/Hex       30%        N/A       11%         3
 Kiss of Death            Conj/Necr      8%         2d6       19%         1
 Volatile Blastmotes      Fire/Tloc      14%        2d11      30%         3
 Mephitic Cloud           Conj/Alch/Air  2%         N/A       50%         3
 Silence                  Hex/Air        7%         N/A       69%         5
 Dispersal                Tloc           6%         N/A       100%        6
 Gell's Gavotte           Tloc           6%         2d(14-20) 100%        6


Dungeon Overview and Level Annotations

Branches:
Dungeon (7/15)             Temple (0/1) D:6

Altars:

Shops:
D:5 [   D:7 :


Innate Abilities, Weirdness & Mutations

Your facial features look somewhat orcish.
You are very small and have problems with some larger weapons.
You are too small for most types of armour.
You have supernaturally acute eyesight. (SInv)
You cover ground extremely quickly. (Speed+++)


Message History

As you read the scroll labelled DOVAEV LOULA, it crumbles to dust.
It is a scroll of amnesia.
Okay, then.
You feel sick. The killer bee closely misses you.
The killer bee barely misses you. The killer bee stings you. x2
You are more poisoned.
The killer bee poisons you! The killer bee misses you.
The killer bee barely misses you. The killer bee misses you.
The killer bee barely misses you.
As you read the scroll labelled RYTAUDAESI, it crumbles to dust.
A wave of despondency washes over your surroundings.
It was a scroll of vulnerability.
You feel very sick.
The killer bee stings you but does no damage.
You block the killer bee's attack.
The killer bee stings you but does no damage.
The killer bee misses you. The killer bee closely misses you.
The killer bee barely misses you. The killer bee misses you.
The killer bee completely misses you.
Okay, then.
You fade into invisibility!
You feel sick. The killer bee stings you.
You are lethally poisoned!
The killer bee poisons you!
The killer bee completely misses you. x2
The killer bee barely misses you. The killer bee stings you.
* * * LOW HITPOINT WARNING * * *
The killer bee misses you. x2; You block the killer bee's attack.
It was a potion of resistance.
You feel protected.
* * * LOW HITPOINT WARNING * * *
You feel very sick. The killer bee misses you.
The killer bee barely misses you. The killer bee closely misses you.
The killer bee stings you.
* * * LOW HITPOINT WARNING * * *
The killer bee barely misses you. x2; The killer bee closely misses you.
You block the killer bee's attack.
It was a potion of degeneration.
There was something very wrong with that liquid.
You feel weakened.
You feel dopey.
You feel clumsy.
You die...

###.....###
##.........##
##...........##
##...≈≈≈#≈≈≈...#
##.§§§≈#####≈≈...
#...§≈## ##≈≈..
##..§§## ##≈≈.
#####y..≈## ##≈.
##.)yy@..≈# #≈.
#..#.yy..## ##.
#.##.'...≈# #≈.
#y ###...≈# #≈.
#[ ##..≈≈# #≈≈.
#. #...≈≈# #≈≈..
yy ##...§≈# §§...
y# #...≈≈≈ ≈...#
. #..... ...#


You could see 5 killer bees.

Vanquished Creatures
  Pikel (D:4)
  2 water moccasins (D:6)
  2 sky beasts
  An ogre (D:5)
  4 lemures (D:4)
  2 kobold brigands
  A bullfrog (D:6)
  2 scorpions (D:6)
  An orc priest (D:7)
  3 hounds
  A jelly (D:6)
  A sleepcap (D:6)
  An iguana (D:7)
  3 orc wizards
  3 gnolls (D:2)
  7 adders
  8 orcs
  A bat (D:3)
  4 endoplasms
  5 goblins
  4 hobgoblins
  4 jackals
  19 kobolds
  A quokka (D:5)
  9 ball pythons
  4 frilled lizards
  4 rats
98 creatures vanquished.

Vanquished Creatures (collateral kills)
  Maggie (D:7)
  Sigmund (D:2)
  An ogre (D:6)
  An orc priest (D:6)
  Crazy Yiuf (D:2)
  Terence (D:2)
  3 orcs
  2 hobgoblins (D:4)
  A jackal (D:2)
  11 kobolds
23 creatures vanquished.

Vanquished Creatures (others)
  8 dancing weapons
  An orc priest (D:4)
  An orc (D:4)
  A quokka (D:4)
11 creatures vanquished.

Grand Total: 132 creatures vanquished

Notes
Turn   | Place    | Note
-------+----------+-------------------------------------------
     0 | D:1      | adelrune the Spriggan Enchanter began the quest for the
                  | Orb.
     0 | D:1      | Reached XP level 1. HP: 9/9 MP: 5/5
   765 | D:1      | Reached XP level 2. HP: 13/13 MP: 6/6
   846 | D:1      | Learned a level 2 spell: Ensorcelled Hibernation
  1044 | D:2      | Reached XP level 3. HP: 16/16 MP: 8/8
  1046 | D:2      | Reached skill level 5 in Stealth
  1209 | D:2      | Found a runed translucent door.
  1210 | D:2      | Noticed Crazy Yiuf
  1218 | D:2      | Learned a level 3 spell: Tukima's Dance
  1233 | D:2      | Killed Crazy Yiuf
  1234 | D:2      | Reached XP level 4. HP: 21/21 MP: 5/9
  1332 | D:2      | Noticed Terence
  1347 | D:2      | Noticed Sigmund
  1349 | D:2      | Killed Terence
  1362 | D:2      | Killed Sigmund
  1363 | D:2      | Reached skill level 6 in Stealth
  1363 | D:2      | Reached skill level 5 in Hexes
  1363 | D:2      | Reached XP level 5. HP: 24/24 MP: 0/10
  1729 | D:2      | Reached XP level 6. HP: 28/28 MP: 11/11
  2965 | D:4      | Noticed Pikel
  3163 | D:4      | Reached skill level 5 in Dodging
  3227 | D:4      | Became a worshipper of Beogh the Shepherd
  3620 | D:4      | Killed Pikel
  3621 | D:4      | Reached skill level 7 in Stealth
  3621 | D:4      | Reached XP level 7. HP: 32/32 MP: 0/12
  4233 | D:5      | Entered Level 5 of the Dungeon
  4491 | D:5      | Reached * piety under Beogh
  4492 | D:5      | Reached skill level 8 in Stealth
  4669 | D:5      | Found Ungonyrra's Armour Boutique.
  5136 | D:5      | Got the Writings on Bolts and the Manifold
  5574 | D:6      | Reached skill level 5 in Short Blades
  5574 | D:6      | Reached XP level 8. HP: 36/36 MP: 10/13
  5742 | D:6      | Found a staircase to the Ecumenical Temple.
  5753 | D:6      | Reached skill level 9 in Stealth
  6044 | D:6      | Learned a level 3 spell: Teleport Other
  6173 | D:6      | Reached skill level 1 in Translocations
  6374 | D:7      | Reached ** piety under Beogh
  6458 | D:7      | Found Joshrin's Book Boutique.
  6504 | D:7      | Reached skill level 10 in Stealth
  6504 | D:7      | Reached XP level 9. HP: 32/39 MP: 2/14
  6729 | D:7      | Noticed Maggie
  6735 | D:7      | Killed Maggie
  6736 | D:7      | Reached skill level 1 in Invocations
  6748 | D:7      | Succumbed to a killer bee's poison

Illustrated notes

Levels and vault maps discovered:
D:1:      minmay_arrival_five_plusses, layout_loops_corners, hex_tiny
D:2:      layout_loops_cross, uniq_terence, uniq_sigmund,
          uniq_crazy_yiuf_cottage
D:3:      layout_loops_ring, chequers_decorated_corner
D:4:      layout_basic, kennysheep_diamond, minmay_ruptured, uniq_pikel
D:5:      kennysheep_kobold_camp, layout_loops_corners, serial_shops, shop
D:6:      layout_rooms, minmay_temple_entry_trees, serial_rivers,
          chequers_serial_rivers_marsh, chequers_serial_rivers_micro_c,
          chequers_serial_rivers_room_b, chequers_serial_rivers_large_b,
          hangedman_abyss_or_decor_stagger
D:7:      layout_cave_pods, fedhas_altar_2, serial_shops,
          nicolae_shop_hallway_stairs, shop, st_stairs_3, kennysheep_donut,
          uniq_maggie, uniq_jeremiah

Skill      XL: |  1  2  3  4  5  6  7  8  9 |
---------------+----------------------------+-----
Dodging        | 3 4 6 8 |  8.2
Spellcasting   | 3 |  3.0
Hexes          | 4 5 6 7 8 |  8.0
Stealth        | 5 6 7 8 10 | 10.2
Short Blades   | 2 3 4 5 6 |  6.4
Translocations | 2 3 |  3.0
Invocations    | 1 |  1.0

Action                     |  1- 3 |  4- 6 |  7- 9 || total
---------------------------+-------+-------+-------++-------
  Melee: Dagger            |    34 |    60 |   121 ||   215
   Cast: Ensorcelled Hiber |     4 |    29 |    45 ||    78
         Tukima's Dance    |     1 |    16 |    22 ||    39
 Invoke: Convert to Beogh  |       |     1 |       ||     1
    Use: Scroll            |       |       |     3 ||     3
         Potion            |       |       |     3 ||     3
   Stab: Sleeping          |     9 |    23 |    33 ||    65
         Distracted        |       |     1 |     1 ||     2
 Armour: Robe              |     7 |    13 |    48 ||    68
  Dodge: Dodged            |    13 |    39 |    99 ||   151
  Block: Other             |       |       |     9 ||     9

Table legend: (Time is in decaauts)
 A = Elapsed time spent in this place.
 B = Non-inter-level travel time spent in this place.
 C = Inter-level travel time spent in this place.
 D = Time resting spent in this place.
 E = Time spent auto-exploring this place.
 F = Levels seen in this place.
 G = Mean time per level.
                   A        B        C        D        E       F      G
               +--------+--------+--------+--------+--------+-----+--------+
         Total |   4950 |   4857 |     93 |   1023 |   2869 |   7 |  707.1 |
       Dungeon |   4950 |   4857 |     93 |   1023 |   2869 |   7 |  707.1 |
               +--------+--------+--------+--------+--------+-----+--------+

Top non-repeatable levels by time:
     D:4: 1294 daAuts
     D:5: 921 daAuts
     D:2: 662 daAuts
     D:6: 620 daAuts
     D:1: 609 daAuts
     D:3: 516 daAuts
     D:7: 326 daAuts
